 Dungeon Crawl Stone Soup version 0.28-a0-1624-g820543e53a (webtiles) character file.

Game seed: 1422244743114849969

68 HallandMoats the Vandal (level 4, -6/37 HPs)
             Began as a Ghoul Hunter on Jan 23, 2022.
             Was a Believer of Cheibriados.
             Mangled by a wyvern zombie (9 damage)
             ... on level 3 of the Dungeon.
             The game lasted 00:01:52 (1506 turns).

HallandMoats the Vandal (Ghoul Hunter)              Turns: 1506, Time: 00:01:53

Health: -6/37      AC:  6    Str: 20    XL:     4   Next: 19%
Magic:  4/4        EV: 11    Int: 11    God:    Cheibriados [**....]
Gold:   68         SH:  0    Dex: 16    Spells: 3/3 levels left

rFire   . . .      SeeInvis .   a - +1 hunting sling
rCold   + . .      Faith    .   (no shield)
rNeg    + + +      Spirit   .   k - +0 ring mail
rPois   ∞          Reflect  .   (no helmet)
rElec   .          Harm     .   g - +0 cloak
rCorr   .          Rampage  .   (no gloves)
Will    .....                   (no boots)
Stlth   +.........              (no amulet)
HPRegen 0.00/turn               (no ring)
MPRegen 0.09/turn               (no ring)

@: inhibited regen, very slow
A: claws 1, cold resistance 1, negative energy resistance 3, inhibited
regeneration, torment resistance 2
a: Renounce Religion, Bend Time


You were on level 3 of the Dungeon.
You worshipped Cheibriados.
Cheibriados was pleased with you.
You visited 1 branch of the dungeon, and saw 3 of its levels.

You collected 68 gold pieces.

Inventory:

Hand Weapons
 a - a +1 hunting sling (weapon)
 b - a +2 short sword of freezing
Missiles
 d - 23 sling bullets (quivered ammo)
Armour
 g - a +0 cloak (worn)
 k - a +0 ring mail (worn)
Scrolls
 e - a scroll of noise {unknown}
 f - 3 scrolls of teleportation {unknown}
 h - a scroll of fear {unknown}
 i - a scroll of magic mapping {unknown}
 j - a scroll of enchant weapon {unknown}
 l - 3 scrolls of identify {unknown}
Potions
 m - a potion of degeneration {unknown}


   Skills:
 + Level 2.6 Fighting
 * Level 4.1 Slings
 + Level 1.1 Armour
 + Level 2.2 Dodging
 - Level 1.1 Stealth
 * Level 1.7 Invocations


You had 3 spell levels left.
You didn't know any spells.
Your spell library was empty.

Dungeon Overview and Level Annotations

Branches:
Dungeon (3/15)

Altars:
Cheibriados


Innate Abilities, Weirdness & Mutations

You thrive by killing the living.
You are immune to poison.
You have sharp fingernails.
Your flesh is cold resistant. (rC+)
You are immune to negative energy. (rN+++)
You do not regenerate when monsters are visible.
You are immune to unholy pain and torment.


Message History

The wyvern zombie closely misses you.
You shoot a stone. The stone hits the wyvern zombie.
The wyvern zombie is moderately damaged.
The wyvern zombie closely misses you. The wyvern zombie bites you.
You shoot a stone. The stone hits the wyvern zombie.
The wyvern zombie is moderately damaged.
The wyvern zombie barely misses you.
You shoot a stone.
The stone hits the wyvern zombie but does no damage.
The wyvern zombie is moderately damaged.
The wyvern zombie bites you!
You shoot a stone.
The stone barely misses the wyvern zombie.
The wyvern zombie bites you. The wyvern zombie misses you.
You are too injured to fight recklessly!
You are too injured to fight recklessly!
You are too injured to fight recklessly!
You are too injured to fight recklessly!
You are too injured to fight recklessly!
Fire: stone
Press: ? - help, Q - select action, (/) - cycle Shift-Dir - straight line, f/p - wyvern zombie
Aim: a wyvern zombie (moderately damaged, 81% to hit)
You shoot a stone.
The stone barely misses the wyvern zombie.
The wyvern zombie completely misses you.
Fire: 25 sling bullets
Press: ? - help, Q - select action, (/) - cycle Shift-Dir - straight line, f/p - wyvern zombie
Aim: a wyvern zombie (moderately damaged, 81% to hit)
You shoot a sling bullet.
The sling bullet barely misses the wyvern zombie.
The wyvern zombie bites you!
* * * LOW HITPOINT WARNING * * *
Fire: 24 sling bullets
Press: ? - help, Q - select action, (/) - cycle Shift-Dir - straight line, f/p - wyvern zombie
Aim: a wyvern zombie (moderately damaged, 81% to hit)
You shoot a sling bullet.
The sling bullet hits the wyvern zombie!
The wyvern zombie is heavily damaged.
The wyvern zombie bites you!
You die...

## .. ###
.###+#### #.#
$..(... ##'##
$.... #...# .(.
#...# #Z# #...#
#####@# #...#
#.....# #...#
#.##### #...#
#.# #...# #.#
....########'##
##'###........#
##.# #........#
...# #........#


You could see a wyvern zombie.

Vanquished Creatures
  2 adders (D:2)
  A worm (D:2)
  3 dart slugs
  4 endoplasms (D:1)
  A giant cockroach (D:1)
  3 goblins
  8 hobgoblins
  3 jackals (D:1)
  3 kobolds (D:1)
  A quokka (D:2)
  2 ball pythons (D:1)
  3 bats (D:1)
  4 frilled lizards (D:1)
  3 rats
41 creatures vanquished.

Vanquished Creatures (others)
  A plant (D:1)
1 creature vanquished.

Grand Total: 42 creatures vanquished

Notes
Turn   | Place    | Note
-------+----------+-------------------------------------------
     0 | D:1      | HallandMoats the Ghoul Hunter began the quest for the Orb.
     0 | D:1      | Reached XP level 1. HP: 17/17 MP: 0/0
   111 | D:1      | Found a faded altar of an unknown god.
   138 | D:1      | Prayed at the altar of an unknown god.
   138 | D:1      | Became a worshipper of Cheibriados the Contemplative
   138 | D:1      | Reached * piety under Cheibriados
   216 | D:1      | Reached XP level 2. HP: 25/25 MP: 1/1
   274 | D:1      | Reached XP level 3. HP: 12/30 MP: 2/2
   394 | D:1      | Reached skill level 1 in Invocations
   628 | D:1      | Reached ** piety under Cheibriados
   884 | D:2      | Reached skill level 4 in Slings
   895 | D:2      | Reached skill level 1 in Armour
  1218 | D:2      | Reached XP level 4. HP: 34/37 MP: 4/4
  1506 | D:3      | Mangled by a wyvern zombie

Illustrated notes

Levels and vault maps discovered:
D:1:      ncdulo_halloftheorcs, layout_rooms, ebering_ecumenical_altar_webs,
          serial_forest, infiniplex_forest_clump_medium,
          infiniplex_forest_end_1, infiniplex_forest_lined_corner,
          infiniplex_forest_straight_2, infiniplex_forest_straight_2,
          infiniplex_forest_clump_diagonal, infiniplex_forest_lined_1,
          infiniplex_forest_lined_4_way
D:2:      layout_basic
D:3:      layout_basic, mainiacjoe_overflow_big_doors,
          mainiacjoe_overflow_alcove_2, minmay_misc_feat_chi, minmay_quantized

Skill      XL: |  1  2  3 |
---------------+----------+-----
Dodging        | 2 |  2.2
Invocations    | 1 |  1.7
Slings         | 4 |  4.1
Armour         | 1 |  1.1
Fighting       | |  2.6
Stealth        | |  1.1

Action                   |  1- 3 |  4- 6 || total
-------------------------+-------+-------++-------
 Fire: Hunting sling     |   119 |    20 ||   139
Armor: Leather armour    |     9 |       ||     9
       Ring mail         |     1 |       ||     1
Dodge: Dodged            |    25 |     6 ||    31

Table legend: (Time is in decaauts)
 A = Elapsed time spent in this place.
 B = Non-inter-level travel time spent in this place.
 C = Inter-level travel time spent in this place.
 D = Time resting spent in this place.
 E = Time spent auto-exploring this place.
 F = Levels seen in this place.
 G = Mean time per level.
                   A        B        C        D        E       F      G
               +--------+--------+--------+--------+--------+-----+--------+
         Total |   1966 |   1897 |     69 |      0 |   1575 |   3 |  655.3 |
       Dungeon |   1966 |   1897 |     69 |      0 |   1575 |   3 |  655.3 |
               +--------+--------+--------+--------+--------+-----+--------+

Top non-repeatable levels by time:
     D:1: 1001 daAuts
     D:2: 765 daAuts
     D:3: 199 daAuts
